AoeStats
← JavierU

Arabia

510165892Analyzed
1v1 RM · 2d ago on Sep 29, 2026· 41m 30s· 2 players
Game mode
Random Map
Map size
Tiny (2 player)
Population
200
Speed
Normal
Resources
Standard
Victory
Conquest
Starting age
Dark Age
Ending age
Imperial Age
RankedLock teamsTeams togetherTeam positionsShared explorationLock speedFull tech treeHidden civsTurbo modeCheats
Victory
Defeat
🇺🇾 Goths · Uruguay
1063
+15
🇪🇸 Varangians · Spain
1036
-15
JavierU
7:17 Loom
9:35 Feudal Age
23:33 Castle Age
21:25 Fletching
30:36 Double-Bit Axe
32:39 Padded Archer Armor
32:39 Horse Collar
32:44 Crossbowman
34:50 Wheelbarrow
39:55 Gold Mining
DrCool
0:26 Loom
9:35 Feudal Age
10:16 Double-Bit Axe
10:55 Man-at-Arms
14:53 Wheelbarrow
17:10 Scale Mail Armor
17:50 Padded Archer Armor
19:29 Forging
26:22 Castle Age
26:42 Long Swordsman
27:23 Squires
27:47 Bow Saw
28:29 Chain Mail Armor
28:38 Leather Archer Armor
28:16 Fletching
28:50 Leather Archer Armor
29:16 Iron Casting
29:07 Leather Archer Armor
30:05 Pikeman
30:47 Bodkin Arrow
30:39 Horse Collar
32:19 Town Watch
32:50 Hand Cart
35:41 Heavy Plow
36:18 Gold Mining
41:22 Imperial Age
40:14 Town Patrol
40:05 Elite Skirmisher
Connection lost

Rejoining the realm…

Still unreachable

The connection could not be restored.

Session expired

The server has moved on; the page needs a fresh start.